 Dungeon Crawl Stone Soup version 0.30-a0-1112-gfb780f5df6 (webtiles) character file.

Game seed: 13449824431953550770

315 yokelz the Slasher (level 6, 0/52 HPs)
             Began as a Hill Orc Monk on Apr 19, 2023.
             Was a Believer of Okawaru.
             Slain by Pikel
             ... wielding a +2 whip of flaming
              (1 damage)
             ... on level 4 of the Dungeon.
             The game lasted 00:07:36 (3807 turns).

yokelz the Slasher (Hill Orc Monk)                  Turns: 3807, Time: 00:07:37

Health: 0/52       AC: 14    Str: 14    XL:     6   Next: 44%
Magic:  15/15      EV:  4    Int: 10    God:    Okawaru [**....]
Gold:   173        SH:  0    Dex: 15    Spells: 5/5 levels left

rFire   . . .      SeeInvis .    s - +0 long sword (heavy)
rCold   . . .      Faith    .    d - orb {light}
rNeg    . . .      Spirit   .    e - +0 plate armour
rPois   .          Reflect  .    p - +0 helmet
rElec   .          Rampage  .    u - +0 cloak
rCorr   .                        y - +0 pair of gloves
Will    .....                    i - +0 pair of boots Stlth
                                 (no amulet)
HPRegen 0.28/turn                f - ring of magical power
MPRegen 0.14/turn                (no ring)

@: glowing
A: no striking features
a: Renounce Religion, Heroism


You were on level 4 of the Dungeon.
You worshipped Okawaru.
Okawaru was pleased with you.
You visited 2 branches of the dungeon, and saw 6 of its levels.

You collected 201 gold pieces.
You spent 28 gold pieces at shops.

Inventory:

Hand Weapons
 a - a +0 falchion
 s - a +0 heavy long sword (weapon)
Armour
 b - a +0 robe
 d - an orb of light (worn)
 e - a +0 plate armour (worn)
 i - a +0 pair of boots (worn)
 p - a +0 helmet (worn)
 u - a +0 cloak (worn)
 y - a +0 pair of gloves (worn)
Magical Staves
 j - a staff of poison
Jewellery
 f - a ring of magical power (left hand)
 z - a ring of protection from cold
 F - a ring of fire
 H - a ring of magical power
Wands
 B - a wand of quicksilver (5)
 D - a wand of digging (1)
Scrolls
 g - a scroll of brand weapon
 h - a scroll of fear
 k - a scroll of magic mapping
 m - 2 scrolls of immolation {unknown}
 t - a scroll of poison {unknown}
 v - a scroll of enchant weapon {unknown}
 w - a scroll of acquirement {unknown}
 A - a scroll of fog {unknown}
 C - a scroll of teleportation {unknown}
 G - a scroll of noise {unknown}
Potions
 c - a potion of ambrosia
 l - a potion of heal wounds
 n - a potion of resistance {unknown}
 o - 2 potions of degeneration {unknown}
 q - 3 potions of lignification {unknown}
 r - 2 potions of might {unknown}
 x - 4 potions of curing {unknown}
 E - a potion of haste {unknown}


   Skills:
 + Level 3.9 Fighting
 + Level 7.5 Long Blades
 + Level 0.0 Armour
 - Level 2.5 Dodging
 + Level 0.0 Invocations


You had 5 spell levels left.
You didn't know any spells.
Your spell library contained the following spells:

 Spells                   Type           Power      Damage    Failure   Level
 Apportation              Tloc           0%         N/A       100%        1
 Necrotise                Necr           0%         1d4       100%        1
 Summon Small Mammal      Summ           Unusable   N/A       N/A         1

Dungeon Overview and Level Annotations

Branches:
Dungeon (5/15)             Temple (1/1) D:4

Altars:
Elyvilon
Fedhas
Gozag
Nemelex Xobeh
Okawaru
Sif Muna
Trog
Vehumet
Xom
Zin

Shops:
D:2 [   D:3 *

Annotations:
D:4 Pikel


Message History

Pikel shouts!
A lemure comes into view. x2
Pikel moves out of view.
A lemure comes into view.
The lemure shouts! x3
A lemure comes into view.
The lemure moves out of view.
There is a stone staircase leading up here.
Pikel hits you with a +2 whip of flaming.
Pikel burns you.
You climb upwards.
There is a stone staircase leading down here.
You hit Pikel but do no damage.
Pikel says, "Hell isn't that bad."
Pikel hits you but does no damage.
You closely miss Pikel.
Pikel hits you with a +2 whip of flaming!
Pikel burns you.
Pikel hits you with a +2 whip of flaming!
Pikel burns you.
You hit Pikel but do no damage.
Pikel hits you with a +2 whip of flaming!
* * * LOW HITPOINT WARNING * * *
Pikel burns you.
* * * LOW HITPOINT WARNING * * *
You barely miss Pikel. Pikel hits you but does no damage. x2
You barely miss Pikel. Pikel barely misses you.
You barely miss Pikel. Pikel hits you but does no damage. x2
You hit Pikel.
Pikel is lightly wounded.
Pikel hits you with a +2 whip of flaming.
* * * LOW HITPOINT WARNING * * *
Pikel burns you.
* * * LOW HITPOINT WARNING * * *
You hit Pikel but do no damage.
Pikel is lightly wounded.
Pikel hits you with a +2 whip of flaming.
* * * LOW HITPOINT WARNING * * *
Pikel burns you.
You die...

#..#########.........#
.............#.#####.#
#).########..#.# ##..#####
#..###### #..#.# #.......#
....<...# #....# #.......#
#..####.# ##.#.# #.......#
#..# #.# #.#.# #.#...#.#
...####.####.#.###..)....#
##.#...........K@#.......#
.............#.###.#†..#.#
####.#.#######.# #.......#
#.#.# #.# #.......# #.#.#
#.# #.#...#.# ####.#)# #.#
#.......# .......#######.#
#.......# .#####.........#
#.#...#.# ## #.#########
#.......#


You could see Pikel.

Vanquished Creatures
  An ogre (D:4)
  A hound (D:3)
  Crazy Yiuf (D:2)
  An orc wizard (D:3)
  Robin (D:2)
  4 adders
  3 worms
  2 dart slugs
  4 orcs (D:3)
  7 bats
  5 endoplasms
  2 giant cockroaches
  10 goblins
  6 hobgoblins
  2 jackals (D:3)
  6 quokkas
  7 ball pythons
  4 frilled lizards
  7 kobolds
  6 rats
80 creatures vanquished.

Notes
Turn   | Place    | Note
-------+----------+-------------------------------------------
     0 | D:1      | yokelz the Hill Orc Monk began the quest for the Orb.
     0 | D:1      | Reached XP level 1. HP: 19/19 MP: 1/1
   213 | D:1      | Reached XP level 2. HP: 27/27 MP: 2/2
   535 | D:1      | Reached skill level 4 in Long Blades
  1021 | D:2      | Reached XP level 3. HP: 33/33 MP: 3/3
  1073 | D:2      | Noticed Robin
  1099 | D:2      | Killed Robin
  1201 | D:2      | Found a runed translucent door.
  1202 | D:2      | Noticed Crazy Yiuf
  1341 | D:2      | Reached XP level 4. HP: 40/40 MP: 4/4
  1468 | D:2      | Found a bloodstained altar of Trog.
  1478 | D:2      | Reached skill level 5 in Long Blades
  1529 | D:2      | Found Citram's Antique Armour Boutique.
  1934 | D:2      | Killed Crazy Yiuf
  2254 | D:3      | Reached XP level 5. HP: 46/46 MP: 5/5
  2256 | D:3      | Reached skill level 6 in Long Blades
  2435 | D:3      | Found Cyturer's General Store.
  2440 | D:3      | Bought a scroll of identify for 28 gold pieces
  2532 | D:3      | Found a faded altar of an unknown god.
  2936 | D:4      | Found an opulent altar of Gozag.
  3080 | D:4      | Reached XP level 6. HP: 52/52 MP: 6/6
  3311 | D:4      | Reached skill level 7 in Long Blades
  3510 | D:4      | Found a staircase to the Ecumenical Temple.
  3519 | Temple   | Entered the Ecumenical Temple
  3555 | Temple   | Became a worshipper of Warmaster Okawaru
  3555 | Temple   | Reached * piety under Okawaru
  3555 | Temple   | Reached ** piety under Okawaru
  3702 | D:4      | Found a glowing silver altar of Zin.
  3783 | D:5      | Entered Level 5 of the Dungeon
  3788 | D:5      | Noticed Pikel
  3807 | D:4      | HP: 1/52 [Pikel/+2 whip of flaming (4)]
  3807 | D:4      | Slain by Pikel

Illustrated notes

Levels and vault maps discovered:
D:1:      evilmike_arrival_hilbert_curve, layout_basic,
          chequers_serial_rivers_room_b, bh_walls_and_bars
D:2:      layout_loops_ring, serial_shops,
          nicolae_shop_temple_entry_statues_fountains, basic_altar,
          uniq_crazy_yiuf_cottage, uniq_robin
D:3:      layout_loops_ring, hellmonk_ecumenical_altar_lost_god, serial_shops,
          nicolae_shop_hallway_plus
D:4:      layout_loops_ring, pdpol_temple_overflow_zin_treasury_gozag_greed,
          temple_hall
D:5:      layout_loops_ring, minmay_circle_x, uniq_grinder, uniq_edmund,
          uniq_pikel
Temple:   nicolae_temple_ecumenical_triangle

Skill      XL: |  1  2  3  4  5  6 |
---------------+-------------------+-----
Long Blades    | 4 5 6 7 |  7.5
Fighting       | |  3.9
Dodging        | |  2.5

Action                     |  1- 3 |  4- 6 || total
---------------------------+-------+-------++-------
  Melee: Falchion          |    97 |       ||    97
         Long sword        |     3 |   103 ||   106
    Use: Scroll            |       |     4 ||     4
 Armour: Plate armour      |    96 |    92 ||   188
  Dodge: Dodged            |    25 |    14 ||    39

Table legend: (Time is in decaauts)
 A = Elapsed time spent in this place.
 B = Non-inter-level travel time spent in this place.
 C = Inter-level travel time spent in this place.
 D = Time resting spent in this place.
 E = Time spent auto-exploring this place.
 F = Levels seen in this place.
 G = Mean time per level.
                   A        B        C        D        E       F      G
               +--------+--------+--------+--------+--------+-----+--------+
         Total |   3883 |   3747 |    136 |    234 |   2665 |   6 |  647.2 |
       Dungeon |   3838 |   3702 |    136 |    234 |   2665 |   5 |  767.6 |
        Temple |     45 |     45 |      0 |      0 |      0 |   1 |   45.0 |
               +--------+--------+--------+--------+--------+-----+--------+

Top non-repeatable levels by time:
     D:2: 1091 daAuts
     D:1: 948 daAuts
     D:4: 912 daAuts
     D:3: 870 daAuts
  Temple: 45 daAuts
     D:5: 15 daAuts
